Devils vs Flyers (R1)

Created - November 11, 2019 at 20:14

Goals
1 2 3 T
Devils 0 2 1 3
Flyers 0 1 0 1
Shots
1 2 3 T
Devils 7 9 10 26
Flyers 13 9 12 34

1st period

No Goal

Penalties :
Kellan Lain (NJD) for Holding Stick (Minor) at 0:35, Jaden Schwartz (NJD) for Tripping (Minor) at 18:54

2nd period

1. Devils , Nikita Kucherov 2 (Jaden Schwartz 7) at 7:10 (PP)
2. Devils , Viktor Arvidsson 5 (Ryan Johansen 3, Johnny Gaudreau 7) at 7:42 (PP)
3. Flyers , Drew Miller 5 (Jakub Voracek 5, Matt Smaby 5) at 7:53

Penalties :
Jeff Woywitka (Phi) for Charging (Minor) at 6:05, Jonathan Ericsson (Phi) for Charging (Minor) at 7:34, Matt Smaby (Phi) for Slashing (Minor) at 8:59, Kellan Lain (NJD) for Hooking (Minor) at 19:12, Ryan Johansen (NJD) for Holding (Minor) at 19:15

3rd period

4. Devils , Tyler Bozak 3 (Rostislav Olesz 2, Anthony Stewart 2) at 4:24

Penalties :
Viktor Arvidsson (NJD) for Roughing (Minor) at 4:46, Travis Hamonic (NJD) for Hooking (Minor) at 10:13

Goalie Stats

John Gibson (NJD), 33 saves from 34 shots - (0.971), W, 4-1-1, 60:00 minutes
Steve Mason (Phi), 23 saves from 26 shots - (0.885), L, 5-3-0, 60:00 minutes

Players Stats for Devils

Player Name              G  A  P  +/- PIM S  H  SB GA TA FO     MP     PP MP  PK MP  
------------------------------------------------------------------------------------
Anthony Stewart          0  1  1   1  0   1  2  0  0  0  1/1     8:51   0:00   1:19 
Brandon Burlon           0  0  0   0  0   1  0  1  0  0  0/0    10:25   0:00   0:37 
Cody Hodgson             0  0  0   0  0   0  4  0  2  0  5/7    11:54   0:00   0:00 
Jaden Schwartz           0  1  1  -1  2   3  1  0  0  0  2/4    19:58   1:31   3:45 
Johnny Gaudreau          0  1  1   0  0   1  0  0  1  0  1/1    15:12   1:41   0:31 
Kellan Lain              0  0  0   0  4   2  0  0  0  0  0/1    11:57   0:00   0:00 
Ladislav Smid            0  0  0   0  0   0  1  3  0  1  0/0    18:16   0:00   5:03 
Marian Hossa             0  0  0   0  0   1  0  0  0  0  0/0    11:54   0:00   0:00 
Nikita Kucherov          1  0  1   0  0   3  0  0  0  0  0/0    13:37   1:31   0:00 
Pernell Karl Subban      0  0  0   1  0   0  1  1  0  2  0/0    23:08   1:20   5:37 
Rostislav Olesz          0  1  1   1  0   2  1  2  0  0  0/1    12:13   0:00   5:00 
Ryan Johansen            0  1  1   0  2   4  3  0  0  0  14/21  19:03   1:41   4:30 
Shea Weber               0  0  0  -1  0   0  2  1  0  2  0/0    23:38   1:52   1:48 
Tobias Enstrom           0  0  0   1  0   1  0  0  3  0  0/0    19:07   1:20   3:18 
Travis Hamonic           0  0  0  -1  2   2  2  2  0  2  0/0    26:15   1:52   3:33 
Tyler Bozak              1  0  1   1  0   1  0  0  0  0  2/5     9:33   0:00   2:54 
Tyler Seguin             0  0  0  -1  0   0  3  1  0  1  16/28  16:06   1:31   0:00 
Viktor Arvidsson         1  0  1  -1  2   4  0  0  1  0  0/0    16:53   1:41   0:00 

Players Stats for Flyers

Player Name              G  A  P  +/- PIM S  H  SB GA TA FO     MP     PP MP  PK MP  
------------------------------------------------------------------------------------
Brian Lashoff            0  0  0  -1  0   0  2  1  0  0  0/0    11:20   0:00   2:11 
Brock Nelson             0  0  0   0  0   2  1  0  3  1  3/3    13:56   0:02   0:00 
Chris Mcallister         0  0  0  -1  0   1  0  0  0  0  0/0     9:32   0:02   2:13 
Drew Miller              1  0  1   1  0   3  1  0  1  1  0/1    19:33   6:19   0:24 
J.T. Miller              0  0  0   0  0   3  3  0  0  0  0/0    17:17   3:37   0:35 
Jakub Voracek            0  1  1   1  0   1  2  1  0  0  0/1    19:04   6:19   0:00 
Jeff Carter              0  0  0   1  0   2  3  1  1  0  14/31  19:04   6:19   0:00 
Jeff Woywitka            0  0  0  -1  2   0  1  1  0  0  0/0    20:57   6:52   1:22 
Jonathan Ericsson        0  0  0   1  2   2  0  2  0  1  0/0    27:28   6:52   0:16 
Kyle Wellwood            0  0  0   0  0   4  2  0  0  2  6/13   14:23   0:00   0:40 
Marcus Kruger            0  0  0   0  0   4  0  1  1  0  3/10   16:54   3:37   0:12 
Mats Zuccarello          0  0  0   0  0   3  0  0  1  0  0/0    16:42   3:37   0:00 
Matt Smaby               0  1  1   1  2   2  2  1  0  0  0/0    19:32   0:00   0:00 
Matthew Lombardi         0  0  0  -1  0   1  2  0  0  0  2/10    9:21   0:00   2:20 
Nathan Beaulieu          0  0  0   0  0   0  5  0  0  1  0/0    19:34   3:06   1:50 
Oliver Ekman-Larsson     0  0  0   0  0   1  0  1  1  0  0/0    21:11   3:06   0:45 
Ryan Callahan            0  0  0  -1  0   2  0  0  0  0  0/0     7:19   0:02   0:00 
Tomas Kubalik            0  0  0   0  0   3  1  0  0  1  0/0    13:38   0:00   0:00 

3 Stars

1 - John Gibson (NJD)
2 - Tyler Bozak (NJD)
3 - Anthony Stewart (NJD)

Power Play

Devils - 2 on 3 Attempt(s) - 66.67%
Flyers - 0 on 6 Attempt(s) - 0.00%

Penalty Kill

Devils - 6 on 6 Attempt(s) - 100.00% - Score 0 goal in Penalty Kill
Flyers - 1 on 3 Attempt(s) - 33.33% - Score 0 goal in Penalty Kill

Team Stat

Devils - Hits : 20 - Faceoff Wins : 41 - Blocked Shots : 11 - Penalty Minutes : 12
Flyers - Hits : 25 - Faceoff Wins : 28 - Blocked Shots : 9 - Penalty Minutes : 6

Official

Referees : Unknown
Linesman : Unknown

Game Notes

17:29 of 3rd period - Flyers goal is going for a video replay. After video review, No Goal. The puck has entered the net after making contact with an attacking player’s stick that is above the height of the crossbar.

Finance

Level 1 -- Attendance: 3954 (65.90%) -- Ticket Income $494,250
Level 2 -- Attendance: 3601 (72.02%) -- Ticket Income $270,075
Level 3 -- Attendance: 1584 (79.20%) -- Ticket Income $79,200
Level 4 -- Attendance: 2363 (59.08%) -- Ticket Income $94,520
Luxury Box -- Attendance: 1000 (100.00%) -- Ticket Income $180,000
Game was played at the Wells Fargo Center.
Total Attendance: 12502 (69.46%)
Total Ticket Income: $1,118,045
Other Income: $167,707
Total Income: $1,285,752

Devils

5 vs 5 Forward 
   Center                   Left Wing                Right Wing               Time % Phy DF OF 
 1 Tyler Seguin             Jaden Schwartz           Viktor Arvidsson         40     0   2  3  
 2 Ryan Johansen            Johnny Gaudreau          Nikita Kucherov          30     0   2  3  
 3 Cody Hodgson             Kellan Lain              Marian Hossa             20     1   2  2  
 4 Tyler Bozak              Rostislav Olesz          Anthony Stewart          10     1   2  2  

5 vs 5 Defense 
   Defense                  Defense                                           Time % Phy DF OF 
 1 Travis Hamonic           Shea Weber                                        40     1   2  2  
 2 Tobias Enstrom           Pernell Karl Subban                               30     1   2  2  
 3 Ladislav Smid            Brandon Burlon                                    20     1   2  2  
 4 Ladislav Smid            Pernell Karl Subban                               10     1   2  2  

PowerPlay Forward 
   Center                   Left Wing                Right Wing               Time % Phy DF OF 
 1 Ryan Johansen            Johnny Gaudreau          Viktor Arvidsson         60     0   2  3  
 2 Tyler Seguin             Jaden Schwartz           Nikita Kucherov          40     0   2  3  

PowerPlay Defense
   Defense                  Defense                                           Time % Phy DF OF 
 1 Travis Hamonic           Shea Weber                                        60     1   2  2  
 2 Tobias Enstrom           Pernell Karl Subban                               40     1   2  2  

Penalty Kill 4 Players Forward 
   Center                   Wing                     Time % Phy DF OF 
 1 Ryan Johansen            Rostislav Olesz          60     1   2  2  
 2 Tyler Bozak              Jaden Schwartz           40     1   2  2  

Penalty Kill 4 Players Defense
   Defense                  Defense                  Time % Phy DF OF 
 1 Ladislav Smid            Pernell Karl Subban      60     1   2  2  
 2 Tobias Enstrom           Travis Hamonic           40     1   2  2  

Penalty Kill - 3 Players Forward 
   Forward                                           Time % Phy DF OF 
 1 Jaden Schwartz                                    60     1   2  2  
 2 Rostislav Olesz                                   40     1   2  2  

Penalty Kill - 3 Players Defense
   Defense                  Defense                  Time % Phy DF OF 
 1 Travis Hamonic           Shea Weber               60     1   2  2  
 2 Tobias Enstrom           Pernell Karl Subban      40     1   2  2  

4 vs 4 Forward 
   Center                   Wing                     Time % Phy DF OF 
 1 Cody Hodgson             Johnny Gaudreau          60     1   2  2  
 2 Ryan Johansen            Jaden Schwartz           40     1   2  2  

4 vs 4 Defense
   Defense                  Defense                  Time % Phy DF OF 
 1 Tobias Enstrom           Ladislav Smid            60     1   2  2  
 2 Travis Hamonic           Shea Weber               40     1   2  2  

Last Minutes Offensive
   Center                   Left Wing                Right Wing               Defense                  Defense                  
   Tyler Seguin             Johnny Gaudreau          Viktor Arvidsson         Travis Hamonic           Shea Weber               

Last Minutes Defensive
   Center                   Left Wing                Right Wing               Defense                  Defense                  
   Ryan Johansen            Jaden Schwartz           Marian Hossa             Travis Hamonic           Shea Weber               

Goaltenders
Starting : John Gibson              
Backup : Keith Kinkaid            

Extra Forwards
Normal : Cody Hodgson, Johnny Gaudreau, Anthony Stewart - PP : Rostislav Olesz, Cody Hodgson - PK : Anthony Stewart
Extra Defensemen
Normal : Ladislav Smid, Brandon Burlon, Tobias Enstrom - PP : Ladislav Smid - PK : Brandon Burlon, Tobias Enstrom
Penalty Shots
Johnny Gaudreau, Nikita Kucherov, Viktor Arvidsson, Ryan Johansen, Tyler Seguin

Scratches
None

Flyers

5 vs 5 Forward 
   Center                   Left Wing                Right Wing               Time % Phy DF OF 
 1 Jeff Carter              Drew Miller              Jakub Voracek            30     0   1  4  
 2 Marcus Kruger            J.T. Miller              Mats Zuccarello          30     0   1  4  
 3 Kyle Wellwood            Brock Nelson             Tomas Kubalik            30     0   2  3  
 4 Matthew Lombardi         Chris Mcallister         Ryan Callahan            10     1   3  1  

5 vs 5 Defense 
   Defense                  Defense                                           Time % Phy DF OF 
 1 Matt Smaby               Jonathan Ericsson                                 40     1   2  2  
 2 Nathan Beaulieu          Oliver Ekman-Larsson                              30     1   2  2  
 3 Brian Lashoff            Jeff Woywitka                                     20     1   2  2  
 4 Oliver Ekman-Larsson     Jeff Woywitka                                     10     1   2  2  

PowerPlay Forward 
   Center                   Left Wing                Right Wing               Time % Phy DF OF 
 1 Jeff Carter              Drew Miller              Jakub Voracek            60     0   0  5  
 2 Marcus Kruger            J.T. Miller              Mats Zuccarello          40     0   0  5  

PowerPlay Defense
   Defense                  Defense                                           Time % Phy DF OF 
 1 Jonathan Ericsson        Jeff Woywitka                                     60     0   2  3  
 2 Oliver Ekman-Larsson     Nathan Beaulieu                                   40     0   2  3  

Penalty Kill 4 Players Forward 
   Center                   Wing                     Time % Phy DF OF 
 1 Matthew Lombardi         Chris Mcallister         60     0   4  1  
 2 Kyle Wellwood            Drew Miller              40     0   4  1  

Penalty Kill 4 Players Defense
   Defense                  Defense                  Time % Phy DF OF 
 1 Brian Lashoff            Jeff Woywitka            60     1   4  0  
 2 Matt Smaby               Oliver Ekman-Larsson     40     1   4  0  

Penalty Kill - 3 Players Forward 
   Forward                                           Time % Phy DF OF 
 1 Matthew Lombardi                                  60     0   4  1  
 2 Kyle Wellwood                                     40     0   4  1  

Penalty Kill - 3 Players Defense
   Defense                  Defense                  Time % Phy DF OF 
 1 Brian Lashoff            Jeff Woywitka            60     1   4  0  
 2 Matt Smaby               Oliver Ekman-Larsson     40     1   4  0  

4 vs 4 Forward 
   Center                   Wing                     Time % Phy DF OF 
 1 Jeff Carter              J.T. Miller              60     0   2  3  
 2 Marcus Kruger            Drew Miller              40     0   2  3  

4 vs 4 Defense
   Defense                  Defense                  Time % Phy DF OF 
 1 Jonathan Ericsson        Matt Smaby               60     0   3  2  
 2 Nathan Beaulieu          Oliver Ekman-Larsson     40     0   3  2  

Last Minutes Offensive
   Center                   Left Wing                Right Wing               Defense                  Defense                  
   Jeff Carter              Drew Miller              Jakub Voracek            Oliver Ekman-Larsson     Jeff Woywitka            

Last Minutes Defensive
   Center                   Left Wing                Right Wing               Defense                  Defense                  
   Jeff Carter              Drew Miller              Jakub Voracek            Oliver Ekman-Larsson     Jeff Woywitka            

Goaltenders
Starting : Steve Mason              
Backup : Cam Ward                 

Extra Forwards
Normal : Jeff Carter, Chris Mcallister, Kyle Wellwood - PP : Jeff Carter, Chris Mcallister - PK : Kyle Wellwood
Extra Defensemen
Normal : Brian Lashoff, Nathan Beaulieu, Matt Smaby - PP : Brian Lashoff - PK : Nathan Beaulieu, Matt Smaby
Penalty Shots
Jeff Carter, Jakub Voracek, J.T. Miller, Kyle Wellwood, Ryan Callahan

Scratches
Tyler Brenner (Healthy)

% Time on Ice - Devils

Lines # - Real PCT - Wanted PCT - Time Play
Normal Forward
1 - 35% - 40% - 16:11
2 - 26% - 30% - 12:14
3 - 25% - 20% - 11:54
4 - 14% - 10% - 6:31
Normal Defense
1 - 41% - 40% - 19:08
2 - 33% - 30% - 15:19
3 - 21% - 20% - 9:48
4 - 6% - 10% - 2:35
PP Forward
1 - 53% - 60% - 1:41
2 - 47% - 40% - 1:31
PP Defense
1 - 58% - 60% - 1:52
2 - 42% - 40% - 1:20
PK Forward
1 - 64% - 60% - 5:08
2 - 36% - 40% - 2:54
PK Defense
1 - 62% - 60% - 5:00
2 - 38% - 40% - 3:02
PK3 Forward
1 - 78% - 60% - 1:30
2 - 22% - 40% - 0:26
PK3 Defense
1 - 84% - 60% - 1:37
2 - 16% - 40% - 0:19
44 Forward
1 - 0% - 60%
2 - 0% - 40%
44 Defense
1 - 0% - 60%
2 - 0% - 40%
Last Minute Offensive  - 0:00
Last Minute Defensive  - 0:00
Total
Forward - 60:00
Defense - 60:00

% Time on Ice - Flyers

Lines # - Real PCT - Wanted PCT - Time Play
Normal Forward
1 - 28% - 30% - 13:01
2 - 28% - 30% - 13:10
3 - 29% - 30% - 13:38
4 - 15% - 10% - 7:01
Normal Defense
1 - 43% - 40% - 20:21
2 - 31% - 30% - 14:38
3 - 20% - 20% - 9:09
4 - 6% - 10% - 2:42
PP Forward
1 - 64% - 60% - 6:21
2 - 36% - 40% - 3:37
PP Defense
1 - 69% - 60% - 6:52
2 - 31% - 40% - 3:06
PK Forward
1 - 88% - 60% - 2:48
2 - 13% - 40% - 0:24
PK Defense
1 - 68% - 60% - 2:11
2 - 32% - 40% - 1:01
PK3 Forward
1 - 0% - 60%
2 - 0% - 40%
PK3 Defense
1 - 0% - 60%
2 - 0% - 40%
44 Forward
1 - 0% - 60%
2 - 0% - 40%
44 Defense
1 - 0% - 60%
2 - 0% - 40%
Last Minute Offensive  - 0:00
Last Minute Defensive  - 0:00
Total
Forward - 60:00
Defense - 60:00

Play-by-Play

1st period


0:01 of 1st period - Jeff Carter wins face-off versus Tyler Seguin in neutral zone.
0:32 of 1st period - Slapshot by Mats Zuccarello.
0:32 of 1st period - Stopped by John Gibson without a rebound.
0:33 of 1st period - Cody Hodgson wins face-off versus Kyle Wellwood in Devils zone.
0:35 of 1st period - Minor Penalty to Kellan Lain for Holding Stick.
0:36 of 1st period - Ryan Johansen wins face-off versus Drew Miller in Devils zone.
0:52 of 1st period - Snap shot by Drew Miller.
0:52 of 1st period - Stopped by John Gibson without a rebound.
0:53 of 1st period - Marcus Kruger wins face-off versus Tyler Bozak in Devils zone.
0:56 of 1st period - Wrist shot by Mats Zuccarello.
0:56 of 1st period - Stopped by John Gibson without a rebound.
0:57 of 1st period - Tyler Bozak wins face-off versus Marcus Kruger in Devils zone.
1:14 of 1st period - Snap shot by Marcus Kruger.
1:14 of 1st period - Shot Misses the Net.
1:44 of 1st period - Snap shot by Ryan Johansen.
1:44 of 1st period - Stopped by Steve Mason with a rebound.
2:35 of 1st period - Penalty to Kellan Lain is over, Kellan Lain is back on ice.
2:51 of 1st period - Cody Hodgson is hit by Kyle Wellwood and loses puck.
4:08 of 1st period - Off-side.
4:09 of 1st period - Jeff Carter wins face-off versus Ryan Johansen in neutral zone.
5:39 of 1st period - Backhand shot by Nikita Kucherov.
5:39 of 1st period - Shot Misses the Net.
5:53 of 1st period - Wrist shot by Viktor Arvidsson.
5:53 of 1st period - Stopped by Steve Mason without a rebound.
5:54 of 1st period - Tyler Seguin wins face-off versus Jeff Carter in Flyers zone.
6:43 of 1st period - Snap shot by Brock Nelson.
6:43 of 1st period - Shot Misses the Net.
7:09 of 1st period - Brian Lashoff is hit by Ladislav Smid and loses puck.
7:17 of 1st period - Icing by Jeff Woywitka.
7:18 of 1st period - Tyler Bozak wins face-off versus Matthew Lombardi in Flyers zone.
7:38 of 1st period - Snap shot by Chris Mcallister.
7:38 of 1st period - Stopped by John Gibson without a rebound.
7:39 of 1st period - Kyle Wellwood wins face-off versus Tyler Seguin in Devils zone.
7:48 of 1st period - Slapshot by Kyle Wellwood.
7:48 of 1st period - Shot Blocked by Travis Hamonic.
8:04 of 1st period - Drew Miller is hit by Ryan Johansen and loses puck.
8:29 of 1st period - Slapshot by Oliver Ekman-Larsson.
8:29 of 1st period - Shot Misses the Net.
8:33 of 1st period - Wrist shot by Ryan Callahan.
8:33 of 1st period - Stopped by John Gibson without a rebound.
8:34 of 1st period - Kyle Wellwood wins face-off versus Tyler Seguin in Devils zone.
8:35 of 1st period - Snap shot by Tomas Kubalik.
8:35 of 1st period - Stopped by John Gibson with a rebound.
8:37 of 1st period - Slapshot by Matt Smaby.
8:37 of 1st period - Shot Misses the Net.
8:39 of 1st period - Snap shot by Matt Smaby.
8:39 of 1st period - Stopped by John Gibson without a rebound.
8:40 of 1st period - Tyler Seguin wins face-off versus Kyle Wellwood in Devils zone.
8:40 of 1st period - Tyler Seguin is hit by Tomas Kubalik.
8:56 of 1st period - Wrist shot by Tomas Kubalik.
8:56 of 1st period - Shot Blocked by Shea Weber.
9:50 of 1st period - Tobias Enstrom is hit by Brock Nelson and loses puck.
10:13 of 1st period - Slapshot by Viktor Arvidsson.
10:13 of 1st period - Shot Misses the Net.
10:17 of 1st period - Wrist shot by Tyler Seguin.
10:17 of 1st period - Shot Blocked by Marcus Kruger.
10:19 of 1st period - Wrist shot by Jaden Schwartz.
10:19 of 1st period - Deflect By Marcus Kruger.
10:19 of 1st period - Shot Blocked by Jeff Woywitka.
10:19 of 1st period - Puck is out of play.
10:20 of 1st period - Jaden Schwartz wins face-off versus Jeff Carter in Flyers zone.
10:21 of 1st period - Slapshot by Viktor Arvidsson.
10:21 of 1st period - Shot Misses the Net.
10:31 of 1st period - Jaden Schwartz is hit by Jeff Carter and loses puck.
10:46 of 1st period - Marcus Kruger is hit by Ryan Johansen and loses puck.
11:20 of 1st period - Nathan Beaulieu is hit by Shea Weber and loses puck.
12:01 of 1st period - Snap shot by Chris Mcallister.
12:01 of 1st period - Shot Misses the Net.
12:21 of 1st period - Wrist shot by Johnny Gaudreau.
12:21 of 1st period - Shot Misses the Net.
12:23 of 1st period - Snap shot by Nikita Kucherov.
12:23 of 1st period - Stopped by Steve Mason with a rebound.
12:43 of 1st period - Travis Hamonic is hit by J.T. Miller and loses puck.
12:56 of 1st period - J.T. Miller is hit by Rostislav Olesz.
13:20 of 1st period - Snap shot by Kyle Wellwood.
13:20 of 1st period - Stopped by John Gibson without a rebound.
13:21 of 1st period - Tyler Seguin wins face-off versus Kyle Wellwood in Devils zone.
14:20 of 1st period - Off-side.
14:21 of 1st period - Kyle Wellwood wins face-off versus Tyler Seguin in neutral zone.
14:36 of 1st period - Slapshot by Jaden Schwartz.
14:36 of 1st period - Shot Misses the Net.
14:46 of 1st period - Johnny Gaudreau is hit by Jakub Voracek.
14:50 of 1st period - Snap shot by Ryan Johansen.
14:50 of 1st period - Stopped by Steve Mason without a rebound.
14:51 of 1st period - Tyler Seguin wins face-off versus Jeff Carter in Flyers zone.
15:39 of 1st period - Icing by Kyle Wellwood.
15:40 of 1st period - Cody Hodgson wins face-off versus Kyle Wellwood in Flyers zone.
15:45 of 1st period - Snap shot by Jaden Schwartz.
15:45 of 1st period - Stopped by Steve Mason with a rebound.
16:01 of 1st period - Slapshot by Oliver Ekman-Larsson.
16:01 of 1st period - Stopped by John Gibson with a rebound.
16:09 of 1st period - Snap shot by Tomas Kubalik.
16:09 of 1st period - Stopped by John Gibson without a rebound.
16:10 of 1st period - Ryan Johansen wins face-off versus Marcus Kruger in Devils zone.
16:21 of 1st period - Wrist shot by Ryan Johansen.
16:21 of 1st period - Stopped by Steve Mason without a rebound.
16:22 of 1st period - Tyler Seguin wins face-off versus Jeff Carter in Flyers zone.
16:25 of 1st period - Snap shot by Viktor Arvidsson.
16:25 of 1st period - Shot Blocked by Jeff Carter.
17:14 of 1st period - Wrist shot by Tomas Kubalik.
17:14 of 1st period - Stopped by John Gibson with a rebound.
17:22 of 1st period - Snap shot by Kyle Wellwood.
17:22 of 1st period - Stopped by John Gibson with a rebound.
17:44 of 1st period - Snap shot by Rostislav Olesz.
17:44 of 1st period - Stopped by Steve Mason without a rebound.
17:45 of 1st period - Jeff Carter wins face-off versus Jaden Schwartz in Flyers zone.
18:12 of 1st period - Mats Zuccarello is hit by Ryan Johansen and loses puck.
18:21 of 1st period - Wrist shot by Marcus Kruger.
18:21 of 1st period - Stopped by John Gibson without a rebound.
18:22 of 1st period - Kyle Wellwood wins face-off versus Ryan Johansen in Devils zone.
18:54 of 1st period - Minor Penalty to Jaden Schwartz for Tripping.
18:55 of 1st period - Jeff Carter wins face-off versus Ryan Johansen in Devils zone.
19:01 of 1st period - Wrist shot by Drew Miller.
19:01 of 1st period - Shot Blocked by Pernell Karl Subban.
19:46 of 1st period - Slapshot by J.T. Miller.
19:46 of 1st period - Shot Misses the Net.
Goals for this period are 0 for Devils vs 0 for Flyers.
Shots for this period are 7 for Devils vs 13 for Flyers.

2nd period


0:01 of 2nd period - Ryan Johansen wins face-off versus Jeff Carter in neutral zone.
0:54 of 2nd period - Penalty to Jaden Schwartz is over, Jaden Schwartz is back on ice.
1:17 of 2nd period - Brock Nelson is hit by Jaden Schwartz and loses puck.
2:41 of 2nd period - Icing by Kyle Wellwood.
2:42 of 2nd period - Brock Nelson wins face-off versus Kellan Lain in Flyers zone.
2:47 of 2nd period - Wrist shot by Cody Hodgson.
2:47 of 2nd period - Shot Blocked by Jonathan Ericsson.
2:49 of 2nd period - Slapshot by Tobias Enstrom.
2:49 of 2nd period - Deflect By Jonathan Ericsson.
2:49 of 2nd period - Stopped by Steve Mason with a rebound.
2:51 of 2nd period - Wrist shot by Marian Hossa.
2:51 of 2nd period - Stopped by Steve Mason without a rebound.
2:52 of 2nd period - Tyler Seguin wins face-off versus Marcus Kruger in Flyers zone.
3:03 of 2nd period - Snap shot by Marcus Kruger.
3:03 of 2nd period - Stopped by John Gibson without a rebound.
3:04 of 2nd period - Jeff Carter wins face-off versus Tyler Seguin in Devils zone.
3:05 of 2nd period - Snap shot by Drew Miller.
3:05 of 2nd period - Stopped by John Gibson without a rebound.
3:06 of 2nd period - Tyler Seguin wins face-off versus Jeff Carter in Devils zone.
3:06 of 2nd period - Travis Hamonic is hit by Jeff Carter and loses puck.
4:14 of 2nd period - Slapshot by Pernell Karl Subban.
4:14 of 2nd period - Deflect By Jaden Schwartz.
4:14 of 2nd period - Shot Misses the Net.
4:14 of 2nd period - Puck is out of play.
4:15 of 2nd period - Tyler Seguin wins face-off versus Matthew Lombardi in Flyers zone.
5:18 of 2nd period - Snap shot by Ryan Callahan.
5:18 of 2nd period - Stopped by John Gibson without a rebound.
5:19 of 2nd period - Tyler Seguin wins face-off versus Jeff Carter in Devils zone.
5:48 of 2nd period - Slapshot by Jonathan Ericsson.
5:48 of 2nd period - Stopped by John Gibson without a rebound.
5:49 of 2nd period - Marcus Kruger wins face-off versus Ryan Johansen in Devils zone.
5:50 of 2nd period - Wrist shot by J.T. Miller.
5:50 of 2nd period - Stopped by John Gibson without a rebound.
5:51 of 2nd period - Ryan Johansen wins face-off versus Marcus Kruger in Devils zone.
5:51 of 2nd period - Ryan Johansen is hit by Brian Lashoff.
6:03 of 2nd period - Snap shot by Ryan Johansen.
6:03 of 2nd period - Stopped by Steve Mason with a rebound.
6:05 of 2nd period - Minor Penalty to Jeff Woywitka for Charging.
6:06 of 2nd period - Ryan Johansen wins face-off versus Matthew Lombardi in Flyers zone.
6:36 of 2nd period - Icing by Nikita Kucherov.
6:37 of 2nd period - Tyler Seguin wins face-off versus Matthew Lombardi in Devils zone.
6:49 of 2nd period - Off-side.
6:50 of 2nd period - Ryan Johansen wins face-off versus Matthew Lombardi in neutral zone.
7:05 of 2nd period - Nathan Beaulieu is hit by Tyler Seguin and loses puck.
7:10 of 2nd period - Snap shot by Nikita Kucherov.
7:10 of 2nd period - Deflect By Brian Lashoff.
7:10 of 2nd period - Goal by Nikita Kucherov - Devils : 1 - Flyers : 0.
7:11 of 2nd period - Jeff Carter wins face-off versus Tyler Seguin in neutral zone.
7:16 of 2nd period - Backhand shot by Jonathan Ericsson.
7:16 of 2nd period - Deflect By Jakub Voracek.
7:16 of 2nd period - Stopped by John Gibson with a rebound.
7:22 of 2nd period - Slapshot by Viktor Arvidsson.
7:22 of 2nd period - Stopped by Steve Mason with a rebound.
7:24 of 2nd period - Slapshot by Shea Weber.
7:24 of 2nd period - Deflect By Jaden Schwartz.
7:24 of 2nd period - Shot Blocked by Jonathan Ericsson.
7:24 of 2nd period - Puck is out of play.
7:25 of 2nd period - Marcus Kruger wins face-off versus Tyler Seguin in Flyers zone.
7:25 of 2nd period - Marcus Kruger is hit by Shea Weber.
7:34 of 2nd period - Minor Penalty to Jonathan Ericsson for Charging.
7:35 of 2nd period - Ryan Johansen wins face-off versus Matthew Lombardi in Flyers zone.
7:40 of 2nd period - Snap shot by Ryan Johansen.
7:40 of 2nd period - Shot Misses the Net.
7:42 of 2nd period - Wrist shot by Viktor Arvidsson.
7:42 of 2nd period - Goal by Viktor Arvidsson - Devils : 2 - Flyers : 0.
7:43 of 2nd period - Tyler Seguin wins face-off versus Jeff Carter in neutral zone.
7:46 of 2nd period - Jakub Voracek is hit by Tyler Seguin and loses puck.
7:53 of 2nd period - Slapshot by Drew Miller.
7:53 of 2nd period - Goal by Drew Miller - Devils : 2 - Flyers : 1.
7:54 of 2nd period - Tyler Seguin wins face-off versus Jeff Carter in neutral zone.
7:54 of 2nd period - Viktor Arvidsson is hit by Matt Smaby and loses puck.
7:58 of 2nd period - Shea Weber is hit by Matt Smaby and loses puck.
8:26 of 2nd period - Slapshot by Pernell Karl Subban.
8:26 of 2nd period - Shot Misses the Net.
8:28 of 2nd period - Slapshot by Tobias Enstrom.
8:28 of 2nd period - Shot Blocked by Matt Smaby.
8:30 of 2nd period - Wrist shot by Pernell Karl Subban.
8:30 of 2nd period - Shot Misses the Net.
8:59 of 2nd period - Minor Penalty to Matt Smaby for Slashing.
9:00 of 2nd period - Ryan Johansen wins face-off versus Matthew Lombardi in Flyers zone.
9:03 of 2nd period - Wrist shot by Viktor Arvidsson.
9:03 of 2nd period - Stopped by Steve Mason without a rebound.
9:04 of 2nd period - Matthew Lombardi wins face-off versus Ryan Johansen in Flyers zone.
9:35 of 2nd period - Nikita Kucherov is hit by Kyle Wellwood and loses puck.
10:59 of 2nd period - Penalty to Matt Smaby is over, Matt Smaby is back on ice.
11:51 of 2nd period - Wrist shot by Kyle Wellwood.
11:51 of 2nd period - Shot Blocked by Brandon Burlon.
12:21 of 2nd period - Slapshot by Ryan Callahan.
12:21 of 2nd period - Shot Misses the Net.
12:52 of 2nd period - Marcus Kruger is hit by Tyler Seguin and loses puck.
13:03 of 2nd period - Tobias Enstrom is hit by Nathan Beaulieu and loses puck.
13:22 of 2nd period - Snap shot by Nikita Kucherov.
13:22 of 2nd period - Shot Blocked by Jakub Voracek.
13:45 of 2nd period - Snap shot by Brock Nelson.
13:45 of 2nd period - Stopped by John Gibson with a rebound.
14:34 of 2nd period - Wrist shot by Jeff Carter.
14:34 of 2nd period - Shot Blocked by Rostislav Olesz.
15:49 of 2nd period - Pernell Karl Subban is hit by Nathan Beaulieu and loses puck.
15:58 of 2nd period - Tobias Enstrom is hit by Brian Lashoff and loses puck.
16:09 of 2nd period - Jeff Woywitka is hit by Cody Hodgson and loses puck.
16:21 of 2nd period - Mats Zuccarello is hit by Travis Hamonic and loses puck.
16:36 of 2nd period - Rostislav Olesz is hit by Nathan Beaulieu and loses puck.
16:43 of 2nd period - Snap shot by Kyle Wellwood.
16:43 of 2nd period - Deflect By Brock Nelson.
16:43 of 2nd period - Shot Misses the Net.
16:43 of 2nd period - Puck is out of play.
16:44 of 2nd period - Tyler Seguin wins face-off versus Jeff Carter in Devils zone.
16:55 of 2nd period - Wrist shot by Jaden Schwartz.
16:55 of 2nd period - Stopped by Steve Mason without a rebound.
16:56 of 2nd period - Kyle Wellwood wins face-off versus Tyler Seguin in Flyers zone.
17:22 of 2nd period - Nikita Kucherov is hit by J.T. Miller and loses puck.
17:31 of 2nd period - Slapshot by Johnny Gaudreau.
17:31 of 2nd period - Shot Blocked by Brian Lashoff.
17:54 of 2nd period - Shea Weber is hit by Drew Miller and loses puck.
18:05 of 2nd period - Oliver Ekman-Larsson is hit by Anthony Stewart and loses puck.
18:33 of 2nd period - Wrist shot by Kyle Wellwood.
18:33 of 2nd period - Shot Blocked by Tyler Seguin.
18:35 of 2nd period - Slapshot by Nathan Beaulieu.
18:35 of 2nd period - Shot Blocked by Ladislav Smid.
18:37 of 2nd period - Wrist shot by Brock Nelson.
18:37 of 2nd period - Shot Misses the Net.
18:39 of 2nd period - Backhand shot by Kyle Wellwood.
18:39 of 2nd period - Shot Misses the Net.
18:57 of 2nd period - Slapshot by Nikita Kucherov.
18:57 of 2nd period - Shot Misses the Net.
18:59 of 2nd period - Slapshot by Brandon Burlon.
18:59 of 2nd period - Stopped by Steve Mason with a rebound.
19:01 of 2nd period - Snap shot by Ryan Johansen.
19:01 of 2nd period - Shot Misses the Net.
19:12 of 2nd period - Minor Penalty to Kellan Lain for Hooking.
19:13 of 2nd period - Ryan Johansen wins face-off versus Jeff Carter in Devils zone.
19:15 of 2nd period - Minor Penalty to Ryan Johansen for Holding.
19:16 of 2nd period - Jeff Carter wins face-off versus Jaden Schwartz in Devils zone.
19:28 of 2nd period - Snap shot by Jakub Voracek.
19:28 of 2nd period - Shot Misses the Net.
19:30 of 2nd period - Slapshot by Jonathan Ericsson.
19:30 of 2nd period - Shot Blocked by Travis Hamonic.
19:56 of 2nd period - Slapshot by Mats Zuccarello.
19:56 of 2nd period - Shot Misses the Net.
19:58 of 2nd period - Wrist shot by J.T. Miller.
19:58 of 2nd period - Stopped by John Gibson without a rebound.
19:59 of 2nd period - Jeff Carter wins face-off versus Rostislav Olesz in Devils zone.
Goals for this period are 2 for Devils vs 1 for Flyers.
Shots for this period are 9 for Devils vs 9 for Flyers.

3rd period


0:01 of 3rd period - Jaden Schwartz wins face-off versus Jeff Carter in neutral zone.
0:27 of 3rd period - Shea Weber is hit by Jeff Woywitka and loses puck.
1:12 of 3rd period - Penalty to Kellan Lain is over, Kellan Lain is back on ice.
1:15 of 3rd period - Penalty to Ryan Johansen is over, Ryan Johansen is back on ice.
1:43 of 3rd period - Icing by Ladislav Smid.
1:44 of 3rd period - Johnny Gaudreau wins face-off versus Matthew Lombardi in Devils zone.
1:44 of 3rd period - Johnny Gaudreau is hit by Matthew Lombardi.
2:16 of 3rd period - Snap shot by Kellan Lain.
2:16 of 3rd period - Stopped by Steve Mason without a rebound.
2:17 of 3rd period - Jeff Carter wins face-off versus Tyler Seguin in Flyers zone.
2:46 of 3rd period - Slapshot by Nikita Kucherov.
2:46 of 3rd period - Stopped by Steve Mason without a rebound.
2:47 of 3rd period - Ryan Johansen wins face-off versus Marcus Kruger in Flyers zone.
2:52 of 3rd period - Snap shot by Nikita Kucherov.
2:52 of 3rd period - Shot Blocked by Oliver Ekman-Larsson.
3:27 of 3rd period - Snap shot by J.T. Miller.
3:27 of 3rd period - Stopped by John Gibson without a rebound.
3:28 of 3rd period - Tyler Seguin wins face-off versus Kyle Wellwood in Devils zone.
3:54 of 3rd period - Matt Smaby is hit by Cody Hodgson and loses puck.
4:22 of 3rd period - Snap shot by Rostislav Olesz.
4:22 of 3rd period - Stopped by Steve Mason with a rebound.
4:24 of 3rd period - Wrist shot by Tyler Bozak.
4:24 of 3rd period - Goal by Tyler Bozak - Devils : 3 - Flyers : 1.
4:25 of 3rd period - Brock Nelson wins face-off versus Tyler Seguin in neutral zone.
4:30 of 3rd period - Snap shot by Tomas Kubalik.
4:30 of 3rd period - Shot Misses the Net.
4:46 of 3rd period - Minor Penalty to Viktor Arvidsson for Roughing.
4:47 of 3rd period - Jeff Carter wins face-off versus Ryan Johansen in Devils zone.
5:01 of 3rd period - Off-side.
5:02 of 3rd period - Jeff Carter wins face-off versus Ryan Johansen in neutral zone.
5:05 of 3rd period - Snap shot by Jakub Voracek.
5:05 of 3rd period - Shot Misses the Net.
5:07 of 3rd period - Snap shot by Jeff Woywitka.
5:07 of 3rd period - Shot Blocked by Rostislav Olesz.
5:09 of 3rd period - Slapshot by Jonathan Ericsson.
5:09 of 3rd period - Shot Blocked by Ladislav Smid.
5:11 of 3rd period - Wrist shot by Drew Miller.
5:11 of 3rd period - Deflect By Jakub Voracek.
5:11 of 3rd period - Shot Misses the Net.
5:11 of 3rd period - Puck is out of play.
5:12 of 3rd period - Ryan Johansen wins face-off versus Jeff Carter in Devils zone.
6:15 of 3rd period - Snap shot by Jakub Voracek.
6:15 of 3rd period - Shot Misses the Net.
6:17 of 3rd period - Slapshot by Jeff Carter.
6:17 of 3rd period - Stopped by John Gibson with a rebound.
6:39 of 3rd period - Wrist shot by Drew Miller.
6:39 of 3rd period - Shot Misses the Net.
6:41 of 3rd period - Slapshot by Drew Miller.
6:41 of 3rd period - Shot Blocked by Ladislav Smid.
6:43 of 3rd period - Slapshot by Jonathan Ericsson.
6:43 of 3rd period - Stopped by John Gibson without a rebound.
6:44 of 3rd period - Ryan Johansen wins face-off versus Marcus Kruger in Devils zone.
6:44 of 3rd period - Ryan Johansen is hit by Nathan Beaulieu.
6:46 of 3rd period - Penalty to Viktor Arvidsson is over, Viktor Arvidsson is back on ice.
6:52 of 3rd period - Viktor Arvidsson is hit by J.T. Miller and loses puck.
7:19 of 3rd period - Snap shot by Brock Nelson.
7:19 of 3rd period - Stopped by John Gibson without a rebound.
7:20 of 3rd period - Brock Nelson wins face-off versus Cody Hodgson in Devils zone.
7:25 of 3rd period - Wrist shot by Kyle Wellwood.
7:25 of 3rd period - Stopped by John Gibson without a rebound.
7:26 of 3rd period - Cody Hodgson wins face-off versus Kyle Wellwood in Devils zone.
7:37 of 3rd period - Travis Hamonic is hit by Nathan Beaulieu and loses puck.
8:23 of 3rd period - Wrist shot by Ryan Johansen.
8:23 of 3rd period - Shot Misses the Net.
8:43 of 3rd period - Wrist shot by Anthony Stewart.
8:43 of 3rd period - Stopped by Steve Mason with a rebound.
8:55 of 3rd period - Kellan Lain is hit by Jakub Voracek and loses puck.
9:45 of 3rd period - Snap shot by Ryan Johansen.
9:45 of 3rd period - Shot Misses the Net.
9:47 of 3rd period - Snap shot by Travis Hamonic.
9:47 of 3rd period - Stopped by Steve Mason without a rebound.
9:48 of 3rd period - Tyler Seguin wins face-off versus Jakub Voracek in Flyers zone.
9:49 of 3rd period - Slapshot by Jaden Schwartz.
9:49 of 3rd period - Stopped by Steve Mason without a rebound.
9:50 of 3rd period - Jeff Carter wins face-off versus Tyler Seguin in Flyers zone.
10:13 of 3rd period - Minor Penalty to Travis Hamonic for Hooking.
10:14 of 3rd period - Ryan Johansen wins face-off versus Jeff Carter in Devils zone.
10:31 of 3rd period - Pernell Karl Subban is hit by Jeff Carter and loses puck.
11:44 of 3rd period - Jonathan Ericsson is hit by Pernell Karl Subban and loses puck.
12:13 of 3rd period - Penalty to Travis Hamonic is over, Travis Hamonic is back on ice.
12:15 of 3rd period - Snap shot by Travis Hamonic.
12:15 of 3rd period - Stopped by Steve Mason with a rebound.
12:17 of 3rd period - Wrist shot by Johnny Gaudreau.
12:17 of 3rd period - Shot Misses the Net.
12:19 of 3rd period - Snap shot by Johnny Gaudreau.
12:19 of 3rd period - Stopped by Steve Mason with a rebound.
13:02 of 3rd period - Slapshot by Chris Mcallister.
13:02 of 3rd period - Deflect By Ryan Callahan.
13:02 of 3rd period - Shot Hit the Post.
13:02 of 3rd period - Puck is out of play.
13:03 of 3rd period - Matthew Lombardi wins face-off versus Tyler Seguin in Devils zone.
13:08 of 3rd period - Wrist shot by Matthew Lombardi.
13:08 of 3rd period - Stopped by John Gibson with a rebound.
13:22 of 3rd period - Pernell Karl Subban is hit by Matthew Lombardi and loses puck.
13:42 of 3rd period - Backhand shot by Kellan Lain.
13:42 of 3rd period - Stopped by Steve Mason without a rebound.
13:43 of 3rd period - Cody Hodgson wins face-off versus Jeff Carter in Flyers zone.
13:54 of 3rd period - Drew Miller is hit by Cody Hodgson.
14:28 of 3rd period - J.T. Miller is hit by Travis Hamonic and loses puck.
14:39 of 3rd period - Wrist shot by Marcus Kruger.
14:39 of 3rd period - Stopped by John Gibson with a rebound.
14:48 of 3rd period - Off-side.
14:49 of 3rd period - Cody Hodgson wins face-off versus Jeff Carter in neutral zone.
15:24 of 3rd period - Snap shot by Marcus Kruger.
15:24 of 3rd period - Stopped by John Gibson with a rebound.
15:37 of 3rd period - Icing by Pernell Karl Subban.
15:38 of 3rd period - Tyler Seguin wins face-off versus Kyle Wellwood in Devils zone.
16:17 of 3rd period - Jonathan Ericsson is hit by Anthony Stewart and loses puck.
16:31 of 3rd period - Off-side.
16:32 of 3rd period - Ryan Johansen wins face-off versus Marcus Kruger in neutral zone.
17:15 of 3rd period - Snap shot by Nikita Kucherov.
17:15 of 3rd period - Shot Misses the Net.
17:27 of 3rd period - Snap shot by Mats Zuccarello.
17:27 of 3rd period - Shot Misses the Net.
17:29 of 3rd period - Slapshot by Mats Zuccarello.
17:29 of 3rd period - Flyers goal is going for a video replay.
17:29 of 3rd period - The goal is refused. The puck has entered the net after making contact with an attacking player’s stick that is above the height of the crossbar..
17:30 of 3rd period - Kyle Wellwood wins face-off versus Cody Hodgson in Devils zone.
18:11 of 3rd period - Jonathan Ericsson is hit by Cody Hodgson and loses puck.
18:28 of 3rd period - Snap shot by Cody Hodgson.
18:28 of 3rd period - Shot Misses the Net.
18:59 of 3rd period - Snap shot by Kyle Wellwood.
18:59 of 3rd period - Stopped by John Gibson with a rebound.
19:01 of 3rd period - Backhand shot by Matt Smaby.
19:01 of 3rd period - Stopped by John Gibson without a rebound.
19:02 of 3rd period - Jeff Carter wins face-off versus Tyler Bozak in Devils zone.
19:10 of 3rd period - Icing by Pernell Karl Subban.
19:11 of 3rd period - Jeff Carter wins face-off versus Tyler Bozak in Devils zone.
19:32 of 3rd period - Slapshot by Jeff Carter.
19:32 of 3rd period - Stopped by John Gibson with a rebound.
19:47 of 3rd period - Icing by Tyler Bozak.
19:48 of 3rd period - Anthony Stewart wins face-off versus Jeff Carter in Devils zone.
Goals for this period are 1 for Devils vs 0 for Flyers.
Shots for this period are 10 for Devils vs 12 for Flyers.